 Dungeon Crawl Stone Soup version 0.27-a0-412-g8dd771eca2 (webtiles) character file.

Game seed: 11425181360913621156

10 wampuh the Ruffian (level 2, -4/23 HPs)
             Began as a Draconian Transmuter on Feb 24, 2021.
             Slain by a gnoll
             ... wielding a +0 spear
              (7 damage)
             ... on level 1 of the Dungeon.
             The game lasted 00:00:31 (347 turns).

wampuh the Ruffian (Draconian Transmuter)            Turns: 347, Time: 00:00:31

Health: -4/23      AC:  4    Str: 12    XL:     2   Next: 10%
Magic:  5/5        EV: 12    Int: 13    God:
Gold:   11         SH:  0    Dex: 11    Spells: 4/5 levels left

rFire    . . .     SeeInvis .     - Unarmed
rCold    . . .     Faith    .   (no shield)
rNeg     . . .     Spirit   .   (armour unavailable)
rPois    .         Reflect  .   (helmet currently unavailable)
rElec    .         Harm     .   (no cloak)
rCorr    .         Rampage  .   (no gloves)
Will     .....                  (boots currently unavailable)
Stlth    +.........             (no amulet)
HPRegen  0.07/turn              (no ring)
MPRegen  0.09/turn              (no ring)

@: appendages (expiring)
A: unfitting armour, horns 2, talons 2, cold-blooded, AC +4
a: End Transformation


You were on level 1 of the Dungeon.
You had grown temporary horns.
You had grown temporary talons.
You visited 1 branch of the dungeon, and saw 1 of its levels.

You collected 11 gold pieces.

You aren't carrying anything.


   Skills:
 - Level 1.1 Fighting
 - Level 1.7 Dodging
 + Level 3.2 Unarmed Combat
 + Level 2.2 Spellcasting
 + Level 2.2 Transmutations


You had 4 spell levels left.
You knew the following spells:

 Your Spells              Type           Power        Failure   Level
a - Beastly Appendage     Tmut           14%          10%         1

Your spell library contained the following spells:

 Spells                   Type           Power        Failure   Level
 Wereblood                Tmut           7%           14%         2
 Spider Form              Tmut/Pois      2%           43%         3
 Ice Form                 Ice/Tmut       4%           83%         4
 Blade Hands              Tmut           3%           95%         5


Dungeon Overview and Level Annotations

Branches:
Dungeon (1/15)

Altars:


Innate Abilities, Weirdness & Mutations

Your plain brown scales are hard. (AC +4)
You cannot fit into any form of body armour.
You are cold-blooded and may be slowed by cold attacks.
You have a pair of horns on your head.
You have razor-sharp toenails.


Message History

You grow a pair of large bovine horns.
Your feet morph into talons.
The hobgoblin shouts!
You hear a shout!
A kobold comes into view.
The frilled lizard barely misses you.
The kobold moves out of view.
You hit the frilled lizard.
You kill the frilled lizard!
The gnoll closely misses you.
A kobold comes into view. It is wielding a +0 club.
The gnoll hits you with a +0 spear.
You hit the gnoll. You claw the gnoll, but do no damage.
You tail-slap the gnoll, but do no damage.
The gnoll is moderately wounded.
The gnoll misses you. The hobgoblin hits you with a +0 club.
The gnoll barely misses you. The leopard gecko barely misses you.
The leopard gecko closely misses you.
You hit the leopard gecko but do no damage.
The leopard gecko misses you.
You hit the leopard gecko but do no damage.
The leopard gecko bites you.
The gnoll hits you from afar with a +0 spear!
You hit the leopard gecko. Your kick misses the leopard gecko.
Your headbutt misses the leopard gecko.
The leopard gecko is heavily wounded.
Your transformation is almost over.
The leopard gecko barely misses you.
The gnoll hits you from afar with a +0 spear!
* * * LOW HITPOINT WARNING * * *
A kobold comes into view. It is wielding a +0 short sword.
The kobold shouts!
The leopard gecko closely misses you.
You aren't carrying any potions.
As you read the scroll labelled MIBOCOBYCA, it crumbles to dust.
It is a scroll of amnesia.
Really abort (and waste the scroll)?
Okay, then.
The leopard gecko barely misses you. The gnoll misses you.
The kobold throws a stone.
The stone closely misses you.
The gnoll hits you from afar with a +0 spear!
You die...

### .>## #.#. .. #.#. K #.#.
#.# #†## ### #K######
####.## ... #..@...# #......
. .. #..l...# #.#####
..###.# #..gg..#######.#####
....... #.##.####...).......
#..#...##.##K##........#....
............K#.....#...#...#
...##....K####..#...#..#..#.
..........# #....#..#..#..#.
..#.#.....# #.....#..#.#.#..


You could see a gnoll, a leopard gecko, a hobgoblin and 3 kobolds.

Vanquished Creatures
  A leopard gecko (D:1)
  2 hobgoblins (D:1)
  2 kobolds (D:1)
  A bat (D:1)
  A frilled lizard (D:1)
  A goblin (D:1)
  2 rats (D:1)
10 creatures vanquished.

Notes
Turn   | Place    | Note
-------+----------+-------------------------------------------
     0 | D:1      | wampuh the Draconian Transmuter began the quest for the
                  | Orb.
     0 | D:1      | Reached XP level 1. HP: 16/16 MP: 3/3
   282 | D:1      | Reached XP level 2. HP: 20/23 MP: 3/5
   347 | D:1      | Slain by a gnoll

Illustrated notes

Levels and vault maps discovered:
D:1:      minmay_arrival_radiant_lines, layout_basic, xom_teletrap_fun

Action                   || total
-------------------------++-------
Melee: Unarmed           ||    31
       Kick              ||     3
       Headbutt          ||     2
       Tailslap          ||     2
 Cast: Beastly Appendage ||     5
  Use: Scroll            ||     1
Armor: Skin              ||     6
Dodge: Dodged            ||    32

Table legend: (Time is in decaauts)
 A = Elapsed time spent in this place.
 B = Non-inter-level travel time spent in this place.
 C = Inter-level travel time spent in this place.
 D = Time resting spent in this place.
 E = Time spent auto-exploring this place.
 F = Levels seen in this place.
 G = Mean time per level.
                   A        B        C        D        E       F      G
               +--------+--------+--------+--------+--------+-----+--------+
         Total |    345 |    345 |      0 |     10 |    266 |   1 |  345.0 |
       Dungeon |    345 |    345 |      0 |     10 |    266 |   1 |  345.0 |
               +--------+--------+--------+--------+--------+-----+--------+

Top non-repeatable levels by time:
     D:1: 345 daAuts
